 Dungeon Crawl Stone Soup version 0.18-a0-1685-g4482fe3 (webtiles) character file.

971029 shiet the Executioner (level 27, -1/226 HPs)
             Began as a Demonspawn Wanderer on Apr 3, 2016.
             Was the Champion of Vehumet.
             Killed from afar by Cerebov (50 damage)
             ... with a great blast of fire
             ... in Pandemonium on Apr 4, 2016.
             The game lasted 06:20:48 (84080 turns).

shiet the Executioner (Demonspawn Wanderer)        Turns: 84080, Time: 06:20:48

Health: -1/226     AC: 44    Str: 25    XL:     27
Magic:  0/53       EV: 18    Int: 25    God:    Vehumet [******]
Gold:   11460      SH:  0    Dex: 18    Spells: 8 memorised, 27 levels left

rFire  + . .     SeeInvis +     e - +9 executioner's axe (flame)
rCold  + . .     Gourm    .     g - +5 crystal plate armour of Vlad {MP+9 Int+6}
rNeg   . . .     Faith    .     (shield currently unavailable)
rPois  .         Spirit   +     L - +2 helmet
rElec  +         Dismiss  .     F - +2 cloak of Starlight {rElec rC+ EV+4 Stlth--}
rCorr  .         Reflect  .     (gloves unavailable)
SustAt .         Harm     .     k - +0 pair of boots of Pakellas's Anger {Str+5 Dex-2 SInv}
MR     ++...                    X - amulet of regeneration
Stlth  ..........               T - ring of the City {Fire +Blink Str+2 SInv}
                                S - ring of protection from fire

@: agile, fire vulnerable, very slightly contaminated, very resistant to hostile
enchantments, extremely unstealthy
A: claws 3, cold resistance 1, passive freeze, powered by death 3, magic shield,
magic regeneration, magic link, freezing cloud immunity, sturdy frame 3
a: Renounce Religion, Evoke Blink
}: 6/15 runes: barnacled, silver, abyssal, demonic, magical, gossamer


You were in Pandemonium.
You worshipped Vehumet.
Vehumet was exalted by your worship.
You were not hungry.

You visited 12 branches of the dungeon, and saw 56 of its levels.
You visited Pandemonium 2 times, and saw 12 of its levels.
You visited the Abyss 4 times.
You visited 1 ziggurat, and saw 11 of its levels.
You also visited: Labyrinth and Ossuary.

You collected 12711 gold pieces.
You spent 1251 gold pieces at shops.

Inventory:

Hand Weapons
 e - a +9 executioner's axe of flaming (weapon)
Armour
 g - the +5 crystal plate armour of Vlad (worn) {MP+9 Int+6}
   (Okawaru gifted it to you on level 4 of the Spider Nest)

   It affects your intelligence (+6).
   It affects your magic capacity (+9).
 k - the +0 pair of boots of Pakellas's Anger (worn) {Str+5 Dex-2 SInv}
   (You acquired it on level 3 of the Depths)

   It affects your strength (+5).
   It affects your dexterity (-2).
   It lets you see invisible.
 F - the +2 cloak of Starlight (worn) {rElec rC+ EV+4 Stlth--}
   (You found it on level 3 of the Elven Halls)

   It affects your evasion (+4).
   It protects you from cold.
   It insulates you from electricity.
   It makes you much less stealthy.
 J - a +3 plate armour of fire resistance
 L - a +2 helmet (worn)
 Z - the +0 Maxwell's etheric cage {RegenMP+ *Contam rElec MP+4}
   (You found it on level 3 of the Spider Nest)

   It insulates you from electricity.
   It affects your magic capacity (+4).
   It causes magical contamination when unequipped.
Jewellery
 d - the ring "Noduamust" {Wiz rC+}
   (You found it on level 3 of the Vaults)

   [ring of wizardry]

   It improves your spell success rate.
   It protects you from cold.
 o - the macabre finger necklace {rN+}
   (You found it on level 11 of a ziggurat)

   [amulet of nothing]

   It protects you from negative energy.
 t - a +5 ring of protection
 H - the ring of Qazlal's Anger {rPois Int+3}
   (You found it on level 9 of a ziggurat)

   [ring of poison resistance]

   It affects your intelligence (+3).
   It protects you from poison.
 S - a ring of protection from fire (left claw)
 T - the ring of the City (right claw) {Fire +Blink Str+2 SInv}
   (You found it on level 1 of the Shoals)

   [ring of fire]

   It enhances your fire magic, and weakens your ice magic.
   It affects your strength (+2).
   It protects you from fire.
   It makes you vulnerable to cold.
   It lets you see invisible.
   It lets you blink.
 X - an amulet of regeneration (around neck)
Wands
 r - a wand of hasting (1/9)
 w - a wand of digging (8/24)
 P - a wand of heal wounds (2/9)
Scrolls
 h - 36 scrolls of identify
 i - 8 scrolls of enchant weapon
 j - 33 scrolls of remove curse
 n - 2 scrolls of summoning
 q - a scroll of brand weapon
 s - 12 scrolls of teleportation
 u - 4 scrolls of enchant armour
 y - 2 scrolls of amnesia
 B - 9 scrolls of magic mapping
 O - 16 scrolls of fog
 Y - 4 scrolls of silence
Potions
 c - 4 potions of flight
 f - 5 potions of agility
 x - 12 potions of ambrosia
 A - 5 potions of magic
 D - 6 potions of cancellation
 Q - 6 potions of curing
 R - a potion of invisibility
 W - 7 potions of brilliance
Books
 a - a book of Annihilations

   Spells                             Type                      Level
   a - Poison Arrow                   Conjuration/Poison           6
   b - Chain Lightning                Conjuration/Air              8
   c - Lehudib's Crystal Spear        Conjuration/Earth            8
   d - Glaciate                       Conjuration/Ice              9
   e - Fire Storm                     Conjuration/Fire             9
 b - an Akashic Record

   Spells                             Type                      Level
   a - Dispersal                      Translocation                6
   b - Malign Gateway                 Summoning/Translocation      7
   c - Disjunction                    Translocation                8
   d - Controlled Blink               Translocation                8
 v - a book of Enchantments

   Spells                             Type                      Level
   a - Cause Fear                     Hexes                        4
   b - Yara's Violent Unravelling     Hexes/Transmutation          5
   c - Silence                        Hexes/Air                    5
   d - Deflect Missiles               Charms/Air                   6
   e - Haste                          Charms                       6
   f - Discord                        Hexes                        8
 I - a book of the Earth

   Spells                             Type                      Level
   a - Leda's Liquefaction            Hexes/Earth                  4
   b - Bolt of Magma                  Conjuration/Fire/Earth       5
   c - Statue Form                    Transmutation/Earth          6
   d - Iron Shot                      Conjuration/Earth            6
   e - Shatter                        Earth                        9
 U - a book of the Tempests

   Spells                             Type                      Level
   a - Static Discharge               Conjuration/Air              3
   b - Lightning Bolt                 Conjuration/Air              5
   c - Fireball                       Conjuration/Fire             5
   d - Tornado                        Air                          9
   e - Shatter                        Earth                        9
Miscellaneous
 N - a phantom mirror
Comestibles
 m - 15 beef jerkies
 z - 5 bread rations
 C - 64 fruits
 E - 8 slices of pizza
 G - 4 royal jellies
 M - 20 meat rations


   Skills:
 - Level 20.6 Fighting
 - Level 26.4 Axes
 - Level 1.0 Throwing
 + Level 24.3 Armour
 - Level 1.7 Stealth
   Level 1.0 Shields
 - Level 1.0 Unarmed Combat
 + Level 17.0 Spellcasting
 + Level 25.0 Conjurations
 - Level 1.7 Charms
 + Level 23.7 Fire Magic
 - Level 1.0 Poison Magic
   Level 6.0 Invocations


You had 27 spell levels left.
You knew the following spells:

 Your Spells              Type           Power        Failure   Level  Hunger
a - Fire Storm            Conj/Fire      ########..   16%         9    #######
b - Flame Tongue          Conj/Fire      #####        0%          1    None
c - Delayed Fireball      Conj/Fire      N/A          1%          7    #####..
d - Fireball              Conj/Fire      ########..   1%          5    None
e - Poison Arrow          Conj/Pois      ######....   2%          6    ####...
f - Iron Shot             Conj/Erth      ######....   2%          6    ####...
g - Repel Missiles        Chrm/Air       ####..       10%         2    None
w - Blink                 Tloc           N/A          14%         2    None


Dungeon Overview and Level Annotations

Branches:
Dungeon (15/15)            Temple (1/1) D:5            Lair (8/8) D:10
 Shoals (4/4) Lair:3       Spider (4/4) Lair:4        Slime (0/6) Lair:6
    Orc (2/2) D:11            Elf (3/3) Orc:2        Vaults (5/5) D:13
  Crypt (3/3) Vaults:3       Tomb (0/3) Crypt:3      Depths (5/5) D:15
   Hell (1/1)                 Dis (0/7) Hell            Geh (0/7) Hell
    Coc (0/7) Hell            Tar (0/7) Hell            Zot (5/5) Depths:5

Altars:
Ashenzari
Cheibriados
Dithmenos
Elyvilon
Fedhas
Gozag
Kikubaaqudgha
Makhleb
Nemelex Xobeh
Okawaru
Pakellas
Qazlal
Ru
Sif Muna
Trog
Vehumet
Xom
Yredelemnul
Zin
The Shining One
Beogh
Jiyva

Shops:
D:4 =   D:10 [   D:14 [   Orc:2 (*:   Elf:2 !   Shoals:1 !   Shoals:4 *

Portals:
Hell: Lair:8 Depths:1 Depths:2 Depths:3 Depths:4 Depths:5
Abyss: Depths:4
Pandemonium: Depths:3

Annotations:
D:8 Erica
D:12 exclusion: oklob plant
Shoals:4 exclusion: Roxanne, Roxanne
Pan Cerebov


Innate Abilities, Weirdness & Mutations

You have claws for hands.
Your flesh is cold resistant.
A frigid envelope surrounds you and freezes all who hurt you.
You regenerate a lot of health from kills.
When hurt, damage is shared between your health and your magic reserves.
You regenerate magic rapidly.
When low on magic, you restore magic in place of health.
You are immune to freezing clouds.
Your movements are significantly less encumbered by armour (ER -6).


Message History

Evoke which item? (* to show all) (? for menu, Esc to quit)
Zapping:
P - a wand of heal wounds (4/9)
Press: ? - help, Shift-Dir - straight line, f - you, p - Cerebov You feel much better.
This wand has 3 charges left.
You are engulfed in roaring flames.
You resist.
* * * LOW HITPOINT WARNING * * *
Cerebov hits you with a great serpentine sword {flame}!!!
* * * LOW HITPOINT WARNING * * *
Cerebov burns you!
* * * LOW HITPOINT WARNING * * *
Cerebov is very cold.
Cerebov is almost dead.
Evoke which item? (* to show all) (? for menu, Esc to quit)
Zapping:
P - a wand of heal wounds (3/9)
Press: ? - help, Shift-Dir - straight line, f - you You feel much better.
This wand has 2 charges left.
Cerebov gestures at you.
A raging storm of fire appears!
The great blast of fire engulfs you! You partially resist.
You die...

......................##....)..##
......................##.#.($#.##
............#####.....##.......##
..##........#:..#.....##.#)).#.##
.###........#.}.########.)).)..##
..##........#...########.#.).#.##
............####'#.v.............
..............###..#.#.#...).).#.
####..........##@.##.......≈.....
##..∩.......##&##§.....≈≈≈≈≈...
###...........##...§....≈≈≈≈≈≈≈..
#.............##.#....≈≈≈≈≈≈≈≈≈≈≈
..............##.....≈≈≈≈≈≈≈≈≈≈≈≈
.....###...#####.#§.≈≈≈≈≈...&.≈≈≈
....#####..# #..§.≈≈≈≈.......≈≈
..#.##.....# #.. &≈≈...........
.....#..)..# '..........v§.....


You could see Cerebov and a fire vortex.

Vanquished Creatures
  Lom Lobon (Pan)
  Mennas (Pan)
  2 orbs of fire (Zot:5)
  5 ancient liches
  5 juggernauts
  Sojobo (Crypt:2)
  Saint Roka (Orc:2)
  4 iron giants
  2 Killer Klowns (Zot:5)
  Geryon (Hell)
  Norris (Spider:2)
  Frederick (Crypt:2)
  4 curse toes
  14 golden dragons
  A caustic shrike (Depths:4)
  3 profane servitors
  8 bone dragons
  Arachne (Spider:2)
  8 pandemonium lords
  Xtahua (Crypt:2)
  11 Tzitzimimeh (Pan)
  An electric golem (Zot:4)
  A hellephant (Abyss:4)
  9 Brimstone Fiends (Pan)
  Jorgrun (Vaults:1)
  A Hell Sentinel (Pan)
  24 tentacled monstrosities
  9 liches
  6 Ice Fiends (Pan)
  12 Orb Guardians (Zot:5)
  9 deep elf blademasters
  2 acid blobs (Depths:5)
  2 quicksilver dragons (Depths:4)
  6 deep elf master archers
  The ghost of Scytalen the Fencer, an adept FoGl of Nemelex Xobeh (Shoals:1)
  Frances (Spider:1)
  21 tentacled starspawn
  30 titans
  13 Executioners
  The ghost of namelastname112 the Fencer, an adept DrBe of Trog (Depths:3)
  10 death cobs
  7 sphinxes
  The ghost of Kidiri the Eclecticist, an adept DEFE of Vehumet (Elf:2)
  2 eldritch tentacles (Crypt:3)
  Kirke (Spider:2)
  2 krakens
  Gastronok (D:10)
  An ancient champion (Crypt:3)
  3 revenants
  Agnes (Elf:2)
  96 large abominations
  Ilsuiw (Shoals:4)
  9 shadow dragons
  17 storm dragons
  11 tengu reavers
  7 draconian monks
  Maud (D:10)
  Wiglaf (Vaults:1)
  8 draconian knights
  Donald (Spider:1)
  A daeva (Abyss:2)
  3 azure jellies (Depths:5)
  3 greater nagas (Zig:11)
  The ghost of Gruud the Bludgeoner, a journeyman OgAs of Pakellas (Lair:3)
  10 deep elf sorcerers
  16 vault wardens
  9 ghost moths
  24 fire giants
  Louise (Elf:2)
  Aizul (Spider:4)
  7 blood saints (Pan)
  4 draconian scorchers
  20 balrugs (Pan)
  6 corrupters (Pan)
  8 warmongers (Pan)
  23 frost giants
  An angel (Abyss:5)
  5 draconian shifters
  4 deep elf elementalists
  9 cacodemons
  12 emperor scorpions
  A curse skull (Crypt:2)
  3 draconian zealots
  11 ghouls
  15 ironheart preservers
  A juggernaut zombie (Zig:10)
  20 very ugly things
  8 draconian annihilators
  16 reapers
  2 spriggan defenders (Depths:4)
  45 stone giants
  5 war gargoyles
  13 vampire knights
  A juggernaut skeleton (Zig:10)
  4 draconian callers
  3 deep elf demonologists
  12 green draconians
  7 black draconians
  2 salamander stormcallers (Hell)
  10 yellow draconians
  5 purple draconians
  5 lorocyprocas
  6 red draconians
  11 deep elf annihilators
  15 white draconians
  37 small abominations
  6 dire elephants
  6 chaos champions (Pan)
  11 black suns (Pan)
  13 mottled draconians
  7 eidola
  8 spark wasps
  10 merfolk javelineers
  15 ettins
  A quicksilver dragon zombie (Crypt:3)
  21 green deaths
  10 jiangshi
  Josephine (Lair:5)
  13 deep elf death magi
  An ettin (shapeshifter) (Depths:4)
  8 death oozes (Depths:5)
  14 deep elf high priests
  24 fire dragons
  A minotaur (Lab)
  16 blizzard demons
  4 crystal guardians
  35 vault guards
  19 yaktaur captains
  14 great orbs of eyes
  6 rakshasas
  5 merfolk impalers
  10 entropy weavers
  2 naga warriors (Zig:11)
  8 hydras
  16 monstrous demonspawn (Pan)
  3 hell beasts
  3 spriggan air magi (Depths:4)
  2 anacondas (Zig:11)
  A merfolk aquamancer (Shoals:4)
  21 centaur warriors
  Erolcha (Orc:1)
  2 alligators (Zig:9)
  2 alligator snapping turtles (Shoals:4)
  17 death yaks
  44 dancing weapons
  16 ice dragons
  10 deep troll shamans
  An alligator (shapeshifter) (Depths:5)
  11 merfolk avatars
  6 tengu warriors
  2 satyrs (Shoals:2)
  7 death knights
  22 hell hogs
  15 ogre magi
  21 thrashing horrors
  13 deep troll earth magi
  2 titan zombies (Zig:10)
  12 vampire magi
  Urug (Orc:2)
  3 naga sharpshooters (Zig:11)
  5 orc high priests
  4 spriggan berserkers
  5 shock serpents
  Nergalle (Lair:3)
  72 sun demons
  31 deep elf knights
  52 soul eaters
  16 skeletal warriors
  3 fire crabs
  2 iron trolls (Depths:3)
  8 hell knights
  7 unseen horrors
  7 spatial maelstroms
  A spriggan druid (Zig:9)
  13 wretched stars
  A spark wasp zombie (Zig:10)
  2 shadow wraiths
  6 giant orange brains
  36 deep trolls
  9 sea snakes
  37 deep elf archers
  A naga ritualist (Zig:11)
  A swamp dragon (shapeshifter) (Vaults:4)
  3 golden dragon zombies
  8 torturous demonspawn (Pan)
  11 flayed ghosts
  13 gelid demonspawn (Pan)
  11 infernal demonspawn (Pan)
  7 shadow demons (Pan)
  9 hill giants
  79 starcursed masses
  11 ironbrand convokers
  A golden dragon skeleton (Zig:10)
  A swamp dragon (Zig:9)
  18 harpies
  10 putrid demonspawn (Pan)
  14 phantasmal warriors
  4 lindwurms (Lair:6)
  22 orc knights
  9 wizards
  2 anaconda skeletons
  11 necromancers
  A mana viper (shapeshifter) (Vaults:5)
  22 orb spiders
  Pikel (D:8)
  75 deep elf magi
  43 ugly things
  An iron dragon zombie (Crypt:3)
  35 wolf spiders
  9 griffons
  7 orc sorcerers
  2 mana vipers
  6 hornets
  A shining eye (Abyss:5)
  2 shadow dragon skeletons
  A salamander (Depths:3)
  A wolf spider (shapeshifter) (Vaults:5)
  2 stone giant zombies
  A salamander (shapeshifter) (Depths:3)
  31 elephants
  8 manticores
  10 fauns
  4 cyclopes
  19 sixfirhies
  5 worldbinders
  2 iron dragon skeletons
  An octopode (shapeshifter) (Depths:4)
  A shining eye (shapeshifter) (Abyss:5)
  32 moths of wrath
  9 vault sentinels
  8 sirens
  7 apocalypse crabs
  8 water nymphs
  A molten gargoyle (Orc:2)
  3 rust devils
  A naga mage (Zig:11)
  A fire giant skeleton (Crypt:3)
  An ice statue (Zig:10)
  7 torpor snails
  12 black mambas
  2 guardian serpents (shapeshifter) (Vaults:1)
  77 smoke demons
  An alligator snapping turtle zombie (Crypt:2)
  An eye of devastation (Abyss:5)
  2 gargoyles (D:13)
  24 orange demons
  Joseph (D:8)
  13 spiny frogs
  A yellow draconian zombie (Crypt:1)
  4 hellions
  A red draconian zombie (Crypt:2)
  63 yaktaurs
  2 anaconda simulacra
  2 yaktaurs (shapeshifter)
  18 freezing wraiths
  A spark wasp simulacrum (Depths:1)
  7 rime drakes
  10 efreet
  5 kobold demonologists
  A komodo dragon (shapeshifter) (Vaults:4)
  26 demonic crawlers
  12 komodo dragons
  18 tormentors (Pan)
  4 tengu conjurers
  17 ancient zymes
  8 ice devils
  27 red devils
  30 hellwings
  22 merfolk
  A yaktaur skeleton (Depths:1)
  A yellow draconian skeleton (Crypt:2)
  A troll (shapeshifter) (Vaults:4)
  A giant leech (Zig:9)
  2 hydra zombies (Hell)
  A wind drake (Shoals:3)
  14 trolls
  40 jumping spiders
  A tengu simulacrum (Vaults:3)
  2 polar bears (shapeshifter)
  Grinder (D:6)
  6 polar bears
  A raiju (shapeshifter) (Abyss:5)
  A giant leech (shapeshifter) (Vaults:5)
  3 bog bodies
  A boulder beetle (shapeshifter) (Vaults:2)
  34 blink frogs
  A wolf spider simulacrum (D:15)
  37 raiju
  45 slime creatures
  A fire dragon zombie (Crypt:3)
  19 snapping turtles
  18 two-headed ogres
  5 boulder beetles
  2 human simulacra
  2 hydra skeletons
  A fire giant simulacrum (Depths:1)
  2 ice dragon zombies
  89 redbacks
  2 ettin skeletons
  2 fire dragon skeletons (Crypt:3)
  A griffon skeleton (Crypt:1)
  A redback (shapeshifter) (Depths:4)
  3 spriggans (shapeshifter)
  6 air elementals
  A black mamba zombie (Crypt:1)
  40 flying skulls
  A centaur simulacrum (D:12)
  12 water elementals
  31 tarantellas
  A vampire (Abyss:2)
  10 wraiths
  An alligator skeleton (Crypt:2)
  4 hogs (Spider:2)
  4 shadows
  A tarantella (shapeshifter) (Vaults:3)
  45 ynoxinuls
  2 wyverns
  5 basilisks
  An ice dragon skeleton (Abyss:1)
  39 yaks
  7 fire elementals
  28 chaos spawn
  3 humans (shapeshifter)
  A yaktaur simulacrum (Vaults:3)
  A fire bat (shapeshifter) (Vaults:4)
  15 neqoxecs
  3 golden eyes
  16 vampire mosquitoes
  A black mamba skeleton (Abyss:1)
  7 hungry ghosts
  20 hippogriffs
  8 wargs
  8 spatial vortices
  Menkaure (D:6)
  5 insubstantial wisps (Abyss:5)
  5 mottled dragons
  3 nagas (Zig:11)
  A soldier ant (shapeshifter) (Vaults:1)
  2 spiny frog zombies (Hell)
  7 porcupines
  3 hell hounds (Hell)
  2 ice beasts
  17 water moccasins
  55 orc warriors
  A swamp drake (shapeshifter) (Abyss:5)
  3 snapping turtle zombies
  3 black bears
  An ettin simulacrum (Abyss:3)
  2 fire dragon simulacra (Abyss:5)
  4 sky beasts
  A wasp (D:11)
  19 boggarts
  4 eyes of draining
  72 ogres
  2 black bears (shapeshifter)
  A phantom (D:9)
  7 necrophages
  A wolf (shapeshifter) (Depths:4)
  A snapping turtle skeleton (Crypt:1)
  22 wolves
  42 centaurs
  15 crocodiles
  9 big kobolds
  A wyvern zombie (D:4)
  2 gnoll sergeants
  2 elf zombies
  17 giant frogs
  A glowing shapeshifter simulacrum (Vaults:3)
  6 earth elementals
  A hippogriff zombie (Crypt:2)
  A cyclops skeleton (Crypt:1)
  5 scorpions
  A snapping turtle simulacrum (Abyss:5)
  8 killer bees
  7 wights
  8 howler monkeys
  3 electric eels
  8 crimson imps
  A wasp zombie (D:9)
  2 quasits
  3 iron imps (Abyss:1)
  5 centaur zombies
  5 hounds
  A giant frog skeleton (D:12)
  2 human zombies
  19 orc priests
  12 jellies
  30 orc wizards
  4 centaur skeletons
  5 iguanas
  A human skeleton (Crypt:3)
  11 worker ants
  2 killer bee zombies (D:10)
  21 sheep
  A big kobold zombie (Crypt:1)
  A sky beast zombie (Crypt:1)
  A crocodile zombie (Crypt:2)
  A deep dwarf zombie (Crypt:2)
  A giant frog simulacrum (D:12)
  A hound zombie (D:6)
  2 mummies (Ossuary)
  2 worker ant zombies
  A howler monkey zombie (D:6)
  12 adders
  9 gnolls
  37 river rats
  A shadow imp (Pan)
  6 white imps
  A giant eyeball (shapeshifter) (Vaults:5)
  3 ufetubi
  27 oozes
  3 adder zombies (Ossuary)
  A lava snake zombie (Crypt:1)
  An adder skeleton (D:4)
  10 ball lightnings (Pan)
  A dart slug (D:2)
  2 worms (D:2)
  4 giant geckos
  108 orcs
  A ball python (shapeshifter) (Abyss:5)
  9 bats
  A bat skeleton (Crypt:2)
  10 giant cockroaches
  5 hobgoblins
  6 jackals
  36 kobolds
  3 quokkas
  4 ball pythons
  11 giant newts
  6 goblins
  3 goblin zombies (Ossuary)
  7 hobgoblin zombies
  A jackal zombie (D:5)
  12 kobold zombies (Ossuary)
  9 orc zombies (Ossuary)
  10 rats
  7 crawling corpses
  2 fire vortices (Pan)
  8 fungi
  A lost soul (Crypt:2)
  A lurking horror (Abyss:5)
  16 plants
  29 starspawn tentacles
  4 tentacles (Shoals:3)
4330 creatures vanquished.

Vanquished Creatures (collateral kills)
  A Tzitzimitl (Pan)
  2 ball lightnings (Pan)
  A fire vortex (Pan)
4 creatures vanquished.

Vanquished Creatures (others)
  A pandemonium lord (Pan)
  A frost giant (Vaults:5)
  A draconian scorcher (Zot:2)
  A ghost moth (Spider:4)
  A deep elf elementalist (Elf:3)
  A blood saint (Pan)
  A deep elf demonologist (Depths:4)
  A deep elf annihilator (Pan)
  A yellow draconian (Zot:4)
  A blizzard demon (Pan)
  An entropy weaver (Depths:4)
  2 rakshasas
  2 ogre magi
  A merfolk aquamancer (Shoals:4)
  2 hell hogs
  2 sun demons (Pan)
  An unseen horror (D:13)
  2 giant orange brains (Pan)
  A shadow demon (Pan)
  A deep elf archer (Hell)
  A deep elf mage (Elf:3)
  A moth of wrath (Zot:5)
  A smoke demon (Pan)
  A demonic crawler (Spider:3)
  A hellwing (Pan)
  A red devil (Hell)
  An air elemental (Depths:4)
  2 ynoxinuls (Pan)
  2 starcursed masses (Abyss:5)
  A redback (Spider:4)
  3 water elementals (Elf:1)
  2 yaks (Lair:5)
  2 neqoxecs (Pan)
  4 slaves (D:8)
  An ogre (Depths:1)
  A killer bee (shapeshifter) (Depths:4)
  An ufetubus (Abyss:1)
  26 ball lightnings
  An orc (Vaults:4)
  A crawling corpse (Depths:4)
  52 eldritch tentacle segments (Crypt:3)
  20 fire vortices (Pan)
  27 fungi
  4 lost souls
  2 lurking horrors
  13 plants
  35 starspawn tentacles
  452 starspawn tentacle segments
  8 tentacles
  146 tentacle segments
838 creatures vanquished.

Grand Total: 5172 creatures vanquished

Notes
Turn   | Place    | Note
--------------------------------------------------------------
     0 | D:1      | shiet the Demonspawn Wanderer began the quest for the Orb.
     0 | D:1      | shiet set off with: a potion of heal wounds, a scroll of fear, a potion of lignification, a +0 robe, a +0 club, a +0 dagger, a bread ration
     0 | D:1      | Reached XP level 1. HP: 16/16 MP: 1/1
   358 | D:1      | Gained mutation: You have sharp fingernails. [demonic ancestry]
   358 | D:1      | Reached XP level 2. HP: 23/23 MP: 2/2
  1227 | D:2      | Found a faded altar to an unknown god.
  1269 | D:2      | Found a glowing golden altar of the Shining One.
  1397 | D:2      | Gained mutation: You regenerate a little health from kills. [demonic ancestry]
  1397 | D:2      | Reached XP level 3. HP: 21/29 MP: 3/3
  1663 | D:2      | Reached XP level 4. HP: 37/37 MP: 4/4
  2564 | D:3      | Found a deep blue altar of Sif Muna.
  2598 | D:3      | Reached skill level 1 in Spellcasting
  2668 | D:3      | Found a shadowy altar of Dithmenos.
  2673 | D:3      | Reached XP level 5. HP: 43/43 MP: 7/7
  2826 | D:4      | Found a white marble altar of Elyvilon.
  2832 | D:4      | Found a glowing silver altar of Zin.
  2832 | D:4      | Found an opulent altar of Gozag.
  2917 | D:4      | Reached skill level 1 in Axes
  2935 | D:4      | Got an ichor-stained dagger
  2936 | D:4      | Identified the cursed +3 dagger of Nixehuc {speed, +Fly rC+ Int+4 Stlth-} (You found it on level 4 of the Dungeon)
  2984 | D:4      | Reached skill level 2 in Axes
  3179 | D:4      | Found Tawah's Jewellery Boutique.
  3236 | D:4      | Found a glowing golden altar of the Shining One.
  3272 | D:4      | Reached skill level 3 in Axes
  3272 | D:4      | Gained mutation: When hurt, damage is shared between your health and your magic reserves. [demonic ancestry]
  3272 | D:4      | Reached XP level 6. HP: 40/49 MP: 8/8
  3496 | D:5      | Entered Level 5 of the Dungeon
  3540 | D:5      | Found a staircase to the Ecumenical Temple.
  3544 | Temple   | Entered the Ecumenical Temple
  3588 | D:5      | Reached skill level 4 in Axes
  3610 | D:5      | Found a sand-covered staircase.
  3615 | Ossuary  | Entered an ossuary
  3762 | Ossuary  | Gained mutation: Your movements are slightly less encumbered by armour (ER -2). [demonic ancestry]
  3762 | Ossuary  | Reached XP level 7. HP: 55/55 MP: 7/9
  3787 | Ossuary  | Reached skill level 5 in Axes
  4190 | D:5      | Found an iron altar of Okawaru.
  4222 | D:5      | Became a worshipper of Warmaster Okawaru
  4736 | D:5      | Reached skill level 6 in Axes
  4824 | D:5      | Gained mutation: You have large cloven feet. [potion of mutation]
  4824 | D:5      | Gained mutation: You evolve. [potion of mutation]
  4824 | D:5      | Gained mutation: You occasionally shout uncontrollably at your foes. [potion of mutation]
  4950 | D:6      | Noticed Grinder
  5044 | D:6      | Noticed Menkaure
  5174 | D:6      | Killed Menkaure
  5174 | D:6      | Reached skill level 7 in Axes
  5295 | D:6      | Gained mutation: Your body sometimes deteriorates upon taking damage. [potion of mutation]
  5295 | D:6      | Gained mutation: You expend magic power (3 MP) to strengthen your wands. [potion of mutation]
  5296 | D:6      | Lost mutation: You occasionally shout uncontrollably at your foes. [potion of mutation]
  5296 | D:6      | Gained mutation: Your magical capacity is low (-10% MP). [potion of mutation]
  5296 | D:6      | Gained mutation: Scrolls take you a little longer to read. [potion of mutation]
  5302 | D:6      | Reached XP level 8. HP: 61/61 MP: 9/9
  5331 | D:6      | Killed Grinder
  5331 | D:6      | Reached * piety under Okawaru
  5404 | D:6      | Found a bloodstained altar of Trog.
  5421 | D:6      | Reached skill level 8 in Axes
  5430 | D:6      | Found a radiant altar of Vehumet.
  5549 | D:6      | Gained mutation: You possess an exceptional clarity of mind. [evolution]
  5877 | D:7      | Reached skill level 9 in Axes
  6152 | D:7      | Found an oddly glowing altar of Pakellas.
  6222 | D:7      | Gained mutation: You are covered in fur (AC +1). [evolution]
  6263 | D:7      | Found a stormy altar of Qazlal.
  6618 | D:7      | Gained mutation: Your movements are less encumbered by armour (ER -4). [demonic ancestry]
  6618 | D:7      | Reached XP level 9. HP: 62/66 MP: 8/10
  6836 | D:8      | Reached ** piety under Okawaru
  6843 | D:8      | Reached skill level 10 in Axes
  7348 | D:8      | Noticed Joseph
  7372 | D:8      | HP: 3/66 [Joseph/uncursed quarterstaff of crushing (4)]
  7379 | D:8      | Killed Joseph
  7379 | D:8      | Reached skill level 11 in Axes
  7715 | D:8      | Noticed Pikel
  7746 | D:8      | Killed Pikel
  7746 | D:8      | Reached *** piety under Okawaru
  7761 | D:8      | Noticed Erica
  7906 | D:9      | Reached skill level 12 in Axes
  8035 | D:9      | Gained mutation: Your flesh is cold resistant. [demonic ancestry]
  8035 | D:9      | Reached XP level 10. HP: 73/73 MP: 11/11
  8146 | D:9      | Reached skill level 1 in Armour
  8228 | D:9      | Reached **** piety under Okawaru
  8249 | D:9      | Reached skill level 5 in Fighting
  8503 | D:10     | Entered Level 10 of the Dungeon
  8726 | D:10     | Found a staircase to the Lair.
  8869 | D:10     | Noticed Gastronok
  8872 | D:10     | Noticed Maud
  9276 | D:11     | Noticed an orc knight
  9507 | D:11     | Gained mutation: Your mind is acute. (Int +2) [potion of beneficial mutation]
  9691 | D:4      | Bought an uncursed amulet of faith for 560 gold pieces
  9863 | Lair:1   | Entered Level 1 of the Lair of Beasts
  9873 | Lair:1   | Reached ***** piety under Okawaru
  9897 | Lair:1   | Noticed a spiny frog
  9909 | Lair:1   | Killed a spiny frog
  9909 | Lair:1   | Received a gift from Okawaru
  9989 | Lair:1   | Identified a scroll of acquirement
 10128 | Lair:1   | Noticed a black mamba
 10131 | Lair:1   | Killed a black mamba
 10131 | Lair:1   | Reached XP level 11. HP: 72/84 MP: 0/12
 10364 | Lair:1   | Reached skill level 13 in Axes
 10364 | Lair:1   | Reached skill level 5 in Armour
 10889 | Lair:2   | Reached skill level 1 in Invocations
 11312 | Lair:2   | Reached ****** piety under Okawaru
 11354 | Lair:2   | Received a gift from Okawaru
 11799 | Lair:2   | Gained mutation: Your mind is very acute. (Int +4) [evolution]
 12117 | Lair:3   | Noticed Nergalle
 12127 | Lair:3   | Noticed a spectral orc warlord
 12140 | Lair:3   | Killed Nergalle
 12243 | Lair:3   | Got a brightly glowing platinum ring
 12285 | Lair:3   | Found a staircase to the Shoals.
 12367 | Lair:3   | Reached skill level 5 in Invocations
 12599 | Lair:3   | Noticed a griffon
 12611 | Lair:3   | Killed a griffon
 12645 | Lair:3   | Received a gift from Okawaru
 12645 | Lair:3   | Gained mutation: You have very sharp fingernails. [demonic ancestry]
 12645 | Lair:3   | Reached XP level 12. HP: 84/95 MP: 10/14
 12938 | Lair:3   | Noticed Gruud's ghost (journeyman OgAs)
 12952 | Lair:3   | Killed Gruud's ghost
 13426 | Lair:4   | Reached skill level 14 in Axes
 13669 | Lair:4   | Lost mutation: You evolve. [end of evolution]
 14083 | Lair:4   | Found a hole to the Spider Nest.
 14542 | Lair:4   | Received a gift from Okawaru
 14614 | Lair:4   | Identified the ring of Entrepreneurial Spirit {SustAt rElec rC+ MR- Int+3} (You found it on level 3 of the Lair of Beasts)
 15442 | Lair:5   | Received a gift from Okawaru
 15592 | Lair:5   | Gained mutation: You are immune to freezing clouds. [demonic ancestry]
 15592 | Lair:5   | Reached XP level 13. HP: 62/101 MP: 8/15
 15640 | Lair:5   | Received a gift from Okawaru
 15719 | Lair:5   | Reached skill level 15 in Axes
 15720 | Lair:5   | Reached skill level 10 in Armour
 15981 | Lair:5   | Noticed Josephine
 16004 | Lair:5   | Killed Josephine
 16496 | Lair:6   | Found a runed door.
 16504 | Lair:6   | Found a viscous altar of Jiyva.
 16522 | Lair:6   | Found a staircase to the Slime Pits.
 16632 | Lair:6   | Received a gift from Okawaru
 16638 | Lair:6   | Reached skill level 16 in Axes
 16665 | Lair:6   | Found a basalt altar of Yredelemnul.
 17592 | Lair:6   | Got a scorched amber ring
 17601 | Lair:6   | Identified the ring of Fecsyotz {+Fly rF+ rN++ Slay-6 Stlth+} (You found it on level 6 of the Lair of Beasts)
 17643 | Lair:7   | Received a gift from Okawaru
 17695 | Lair:7   | Reached XP level 14. HP: 84/108 MP: 9/16
 17708 | Lair:7   | Reached skill level 17 in Axes
 17998 | Lair:7   | Found an oddly glowing altar of Pakellas.
 18276 | Lair:7   | Found a snail-covered altar of Cheibriados.
 18285 | Lair:7   | Received a gift from Okawaru
 18585 | Lair:8   | Entered Level 8 of the Lair of Beasts
 18780 | Lair:8   | Reached skill level 18 in Axes
 18893 | Lair:8   | Received a gift from Okawaru
 18897 | Lair:8   | Got a pitted cloak {god gift}
 18908 | Lair:8   | Identified the +0 cloak "Kiereux" {Dex+3} (Okawaru gifted it to you on level 8 of the Lair of Beasts)
 18974 | Lair:8   | Identified the Reference Book on Intoxication and Displacement
 19304 | Lair:8   | Lost mutation: You possess an exceptional clarity of mind. [potion of cure mutation]
 19304 | Lair:8   | Lost mutation: Scrolls take you a little longer to read. [potion of cure mutation]
 19304 | Lair:8   | Lost mutation: Your body sometimes deteriorates upon taking damage. [potion of cure mutation]
 19820 | Lair:8   | Received a gift from Okawaru
 19863 | Lair:8   | Found a burning altar of Makhleb.
 19876 | Lair:8   | Reached skill level 19 in Axes
 19906 | Lair:8   | Gained mutation: You regenerate magic rapidly. [demonic ancestry]
 19906 | Lair:8   | Reached XP level 15. HP: 74/113 MP: 11/17
 19995 | Lair:8   | Found a gateway to Hell.
 20004 | Lair:8   | Got a spiked crystal plate armour
 20005 | Lair:8   | Identified the +1 crystal plate armour of Vettuasm {Dex+5} (You found it on level 8 of the Lair of Beasts)
 20319 | D:10     | Killed Maud
 20341 | D:10     | Killed Gastronok
 20412 | D:10     | Found Exzuif's Antique Armour Boutique.
 20416 | D:10     | Bought a runed cloak for 112 gold pieces
 20572 | D:11     | Found a roughly hewn altar of Beogh.
 20572 | D:11     | Found a staircase to the Orcish Mines.
 21018 | Orc:1    | Entered Level 1 of the Orcish Mines
 21191 | Orc:1    | Noticed Erolcha
 21214 | Orc:1    | Killed Erolcha
 21483 | Orc:2    | Entered Level 2 of the Orcish Mines
 21576 | Orc:2    | Found a staircase to the Elven Halls.
 21691 | Orc:2    | Noticed Urug
 21691 | Orc:2    | Found a roughly hewn altar of Beogh.
 21700 | Orc:2    | Noticed Saint Roka
 21716 | Orc:2    | Paralysed by an orc sorcerer for 7 turns
 21724 | Orc:2    | HP: 4/113 [orc warrior/battleaxe of flaming (11)]
 22070 | Orc:2    | Received a gift from Okawaru
 22202 | Orc:2    | Killed Saint Roka
 22202 | Orc:2    | Reached skill level 20 in Axes
 22219 | Orc:2    | Killed Urug
 22233 | Orc:2    | Found Ejuzotach's Antique Armour Emporium.
 22289 | Orc:2    | Found Ujeonikh's Book Emporium.
 22312 | Orc:2    | Found Juhilurr's Antique Weapon Emporium.
 22493 | Orc:2    | Found Ejuwkuys's General Store.
 22499 | Orc:2    | Bought a potion of haste for 120 gold pieces
 23702 | D:12     | Found a blossoming altar of Fedhas.
 23826 | D:13     | Found a labyrinth entrance.
 23830 | Lab      | Entered a labyrinth
 23877 | Lab      | Found an exit through the horrors of the Abyss.
 24096 | Lab      | Identified Sif Muna's Compendium of Glacial Bewitchment
 24100 | Lab      | Identified a +3 rod of clouds (10/10) (You found it in a labyrinth)
 24172 | D:13     | Received a gift from Okawaru
 24192 | D:13     | Received a gift from Okawaru
 24255 | D:13     | Found a gate to the Vaults.
 24441 | D:13     | Reached skill level 21 in Axes
 24447 | D:13     | Gained mutation: You have claws for hands. [demonic ancestry]
 24447 | D:13     | Reached XP level 16. HP: 104/120 MP: 13/18
 25118 | D:14     | Found Sutine's Antique Armour Boutique.
 25153 | D:14     | Reached skill level 10 in Fighting
 25162 | D:14     | Bought a faintly humming hat for 306 gold pieces
 25162 | D:14     | Bought a runed cloak for 153 gold pieces
 25172 | D:14     | Identified the +1 hat "Foeps" {+Inv rCorr Dex+2} (You bought it in a shop on level 14 of the Dungeon)
 25712 | D:15     | Entered Level 15 of the Dungeon
 25972 | D:15     | Found a shattered altar of Ashenzari.
 26145 | D:15     | Received a gift from Okawaru
 26484 | D:15     | Found a staircase to the Depths.
 26713 | Spider:1 | Entered Level 1 of the Spider Nest
 26914 | Spider:1 | Received a gift from Okawaru
 27526 | Spider:1 | Received a gift from Okawaru
 27529 | Spider:1 | Got a pitted battleaxe {god gift}
 27530 | Spider:1 | Identified the +3 battleaxe "Lifebane" {vamp, rC+} (Okawaru gifted it to you on level 1 of the Spider Nest)
 27979 | Spider:1 | Noticed Frances
 27996 | Spider:1 | Killed Frances
 28013 | Spider:1 | Noticed Donald
 28026 | Spider:1 | Killed Donald
 28194 | Spider:1 | Received a gift from Okawaru
 28440 | Spider:2 | Noticed Kirke
 28457 | Spider:2 | Killed Kirke
 28457 | Spider:2 | Reached XP level 17. HP: 131/131 MP: 19/19
 28676 | Spider:2 | Noticed Norris
 28714 | Spider:2 | Killed Norris
 28716 | Spider:2 | Received a gift from Okawaru
 28940 | Spider:2 | Noticed Arachne
 28999 | Spider:2 | Killed Arachne
 30051 | Spider:3 | Received a gift from Okawaru
 30066 | Spider:3 | Reached skill level 22 in Axes
 30072 | Spider:3 | Got a bloodstained hat {god gift}
 30107 | Spider:3 | Identified the +1 hat "Wugeeg" {rC- rN++} (Okawaru gifted it to you on level 3 of the Spider Nest)
 30236 | Spider:4 | Entered Level 4 of the Spider Nest
 30742 | Spider:4 | Got a gossamer rune of Zot
 30937 | Spider:4 | Noticed Aizul
 30955 | Spider:4 | Killed Aizul
 31593 | Spider:4 | Got a translucent bardiche
 31601 | Spider:3 | Identified the +3 bardiche of Reani {freeze, MR+} (You found it on level 4 of the Spider Nest)
 31775 | Spider:4 | Received a gift from Okawaru
 31811 | Spider:4 | Got a shimmering crystal plate armour {god gift}
 31812 | Spider:4 | Identified the +5 crystal plate armour of Vlad {MP+9 Int+6} (Okawaru gifted it to you on level 4 of the Spider Nest)
 31971 | Spider:4 | Gained mutation: Your movements are significantly less encumbered by armour (ER -6). [demonic ancestry]
 31971 | Spider:4 | Reached XP level 18. HP: 134/143 MP: 20/20
 32475 | Vaults:1 | Entered Level 1 of the Vaults
 32936 | Vaults:1 | Received a gift from Okawaru
 33057 | Vaults:1 | Noticed Jorgrun
 33083 | Vaults:1 | Killed Jorgrun
 33252 | Vaults:1 | Noticed Wiglaf
 33295 | Vaults:1 | Killed Wiglaf
 34287 | Vaults:2 | Received a gift from Okawaru
 34746 | Vaults:2 | Received a gift from Okawaru
 34754 | Vaults:2 | Reached XP level 19. HP: 94/153 MP: 20/21
 34760 | Vaults:2 | Paralysed by a hornet for 1 turns
 34795 | Vaults:2 | Received a gift from Okawaru
 35248 | Vaults:3 | Noticed a bone dragon
 35269 | Vaults:3 | Killed a bone dragon
 35269 | Vaults:3 | Reached skill level 15 in Fighting
 35275 | Vaults:3 | Found a staircase to the Crypt.
 35598 | Vaults:3 | Reached skill level 23 in Axes
 36414 | Vaults:3 | Received a gift from Okawaru
 36543 | Vaults:3 | Reached skill level 15 in Armour
 37023 | Vaults:3 | Got a warped glass ring
 37029 | Vaults:3 | Identified the ring "Noduamust" {Wiz rC+} (You found it on level 3 of the Vaults)
 37454 | Vaults:4 | Received a gift from Okawaru
 37455 | Vaults:4 | Reached XP level 20. HP: 134/164 MP: 22/22
 38114 | Vaults:4 | Received a gift from Okawaru
 38558 | Shoals:1 | Entered Level 1 of the Shoals
 38796 | Shoals:1 | Noticed Scytalen's ghost (adept FoGl)
 38808 | Shoals:1 | Killed Scytalen's ghost
 38864 | Shoals:1 | Found Reemmace's Distillery.
 39137 | Shoals:1 | Got a shimmering wooden ring
 39138 | Shoals:1 | Identified the ring of the City {Fire +Blink Str+2 SInv} (You found it on level 1 of the Shoals)
 40184 | Shoals:3 | Received a gift from Okawaru
 40769 | Shoals:4 | Entered Level 4 of the Shoals
 40805 | Shoals:4 | Found Calepef's General Store.
 40807 | Shoals:4 | Noticed Roxanne
 40893 | Shoals:4 | Noticed Ilsuiw
 40915 | Shoals:4 | Killed Ilsuiw
 41016 | Shoals:4 | Got a warped glaive
 41017 | Shoals:4 | Identified the cursed +1 glaive "Resches" {flame, rF++ rN+} (You found it on level 4 of the Shoals)
 41199 | Shoals:4 | Got a barnacled rune of Zot
 41433 | Shoals:4 | Received a gift from Okawaru
 41461 | Shoals:4 | Identified the Almanac of Glamour and Lightness
 42265 | Vaults:5 | Entered Level 5 of the Vaults
 42280 | Vaults:5 | Gained mutation: You regenerate health from kills. [demonic ancestry]
 42280 | Vaults:5 | Reached XP level 21. HP: 170/174 MP: 22/22
 42282 | Vaults:5 | Reached skill level 24 in Axes
 42283 | Vaults:5 | Received a gift from Okawaru
 42288 | Vaults:5 | Noticed a golden dragon
 42310 | Vaults:4 | Killed a golden dragon
 42310 | Vaults:4 | Received a gift from Okawaru
 42314 | Vaults:4 | Got a jewelled buckler {god gift}
 42315 | Vaults:4 | Identified the +2 buckler of the Tarantula {MR+ Dex+2 Slay+6} (Okawaru gifted it to you on level 4 of the Vaults)
 42438 | Vaults:5 | Received a gift from Okawaru
 42646 | Vaults:5 | Gained mutation: When low on magic, you restore magic in place of health. [demonic ancestry]
 42646 | Vaults:5 | Reached XP level 22. HP: 180/185 MP: 23/23
 42681 | Vaults:5 | Received a gift from Okawaru
 42763 | Vaults:5 | Got a polished battleaxe {god gift}
 42764 | Vaults:5 | Identified the +5 battleaxe "Blob" {speed, +Rage rC+ rN+} (Okawaru gifted it to you on level 5 of the Vaults)
 43516 | Vaults:5 | Got a slimy cloak
 43517 | Vaults:5 | Identified the +1 cloak "Damiug" {*Corrode +Fly Int+4} (You found it on level 5 of the Vaults)
 43634 | Vaults:5 | Identified Vaocs's Tome of the Glacier and Intoxication
 43637 | Vaults:5 | Got a silver rune of Zot
 43802 | Crypt:1  | Entered Level 1 of the Crypt
 43953 | Crypt:1  | Received a gift from Okawaru
 43956 | Crypt:1  | Got a steaming cloak {god gift}
 43957 | Crypt:1  | Identified the +0 cloak "Toukaal" {Dex+4} (Okawaru gifted it to you on level 1 of the Crypt)
 44534 | Crypt:1  | Found a basalt altar of Yredelemnul.
 44583 | Crypt:1  | Got a brightly glowing bronze ring
 44584 | Crypt:1  | Identified the ring of the Final Decision {rC+ Int+3} (You found it on level 1 of the Crypt)
 44913 | Crypt:2  | Noticed Sojobo
 44934 | Crypt:2  | Killed Sojobo
 45007 | Crypt:2  | Received a gift from Okawaru
 45045 | Crypt:2  | Reached skill level 25 in Axes
 45068 | Crypt:2  | Noticed Frederick
 45078 | Crypt:2  | Killed Frederick
 45507 | Crypt:2  | Noticed Xtahua
 45512 | Crypt:2  | Killed Xtahua
 45691 | Crypt:3  | Entered Level 3 of the Crypt
 45701 | Crypt:3  | Reached XP level 23. HP: 195/196 MP: 24/24
 46097 | Crypt:3  | Received a gift from Okawaru
 46437 | Crypt:3  | Found a staircase to the Tomb.
 46558 | Crypt:3  | Found an ancient bone altar of Kikubaaqudgha.
 46558 | Crypt:3  | Noticed an ancient lich
 46573 | Crypt:3  | Killed an ancient lich
 46654 | Crypt:3  | Got a flickering gossamer ring
 46654 | Crypt:3  | Got a steaming wooden ring
 46655 | Crypt:3  | Identified the ring "Cepn" {rN+ SInv} (You found it on level 3 of the Crypt)
 46656 | Crypt:3  | Identified the ring "Hulaog" {rElec rN+} (You found it on level 3 of the Crypt)
 47478 | Depths:1 | Entered Level 1 of the Depths
 47536 | Depths:1 | Received a gift from Okawaru
 48335 | Depths:2 | Received a gift from Okawaru
 48342 | Depths:2 | Got a warped battleaxe {god gift}
 48343 | Depths:2 | Identified the +10 battleaxe of Jaipath {elec, Str+4} (Okawaru gifted it to you on level 2 of the Depths)
 48547 | Depths:2 | Gained mutation: You regenerate a lot of health from kills. [demonic ancestry]
 48547 | Depths:2 | Reached XP level 24. HP: 176/206 MP: 24/24
 48604 | Depths:2 | Noticed an iron giant
 48637 | Depths:2 | Killed an iron giant
 48933 | Depths:2 | Received a gift from Okawaru
 48933 | Depths:2 | Reached skill level 26 in Axes
 49272 | Depths:3 | Noticed namelastname112's ghost (adept DrBe)
 49288 | Depths:3 | Killed namelastname112's ghost
 49704 | Depths:3 | Received a gift from Okawaru
 50167 | Depths:3 | Found a one-way gate leading to the halls of Pandemonium.
 50233 | Depths:3 | Got a pair of translucent boots
 50244 | Depths:3 | Identified the +0 pair of boots of Pakellas's Anger {Str+5 Dex-2 SInv} (You acquired it on level 3 of the Depths)
 50249 | Depths:3 | Lost mutation: Your mind is very acute. (Int +4) [potion of cure mutation]
 50249 | Depths:3 | Lost mutation: Your magical capacity is low (-10% MP). [potion of cure mutation]
 50249 | Depths:3 | Lost mutation: Your mind is acute. (Int +2) [potion of cure mutation]
 50249 | Depths:3 | Lost mutation: You are covered in fur (AC +1). [potion of cure mutation]
 50249 | Depths:3 | Lost mutation: You have large cloven feet. [potion of cure mutation]
 50759 | Depths:4 | Found a gateway to a ziggurat.
 50759 | Depths:4 | Noticed an ancient lich
 50765 | Depths:4 | Found a one-way gate to the infinite horrors of the Abyss.
 50811 | Depths:4 | Killed an ancient lich
 50967 | Depths:4 | Received a gift from Okawaru
 50983 | Depths:4 | Received a gift from Okawaru
 51011 | Depths:4 | Reached XP level 25. HP: 87/212 MP: 24/27
 51231 | Depths:4 | Received a gift from Okawaru
 51250 | Depths:4 | Noticed an iron giant
 51754 | Depths:4 | Noticed a juggernaut
 51773 | Depths:4 | Killed a juggernaut
 51896 | Depths:4 | Killed an iron giant
 51896 | Depths:4 | Received a gift from Okawaru
 52081 | Depths:4 | Reached skill level 5 in Spellcasting
 52084 | Depths:4 | Noticed an iron giant
 52552 | Depths:4 | Killed an iron giant
 52658 | Depths:4 | Noticed a juggernaut
 52673 | Depths:4 | Killed a juggernaut
 52799 | Depths:4 | Received a gift from Okawaru
 52956 | Depths:4 | Learned a level 2 spell: Blink
 53365 | Depths:4 | Paralysed by a sphinx for 4 turns
 53436 | Depths:5 | Entered Level 5 of the Depths
 53534 | Depths:5 | Reached skill level 10 in Spellcasting
 53679 | Depths:5 | Received a gift from Okawaru
 53683 | Depths:5 | Gained mutation: A frigid envelope surrounds you and freezes all who hurt you. [demonic ancestry]
 53683 | Depths:5 | Reached XP level 26. HP: 177/220 MP: 38/38
 53819 | Depths:5 | Received a gift from Okawaru
 54488 | Depths:5 | Found a gate to the Realm of Zot.
 54591 | Depths:5 | Upgraded the game from 0.18-a0-1683-gf9322e6 to 0.18-a0-1685-g4482fe3
 54927 | D:6      | Fell from the grace of Okawaru
 54927 | D:6      | Became a worshipper of Vehumet
 55098 | Elf:1    | Entered Level 1 of the Elven Halls
 56065 | Elf:2    | Found a runed gate.
 56067 | Elf:2    | Found a runed gate.
 56067 | Elf:2    | Found a runed gate.
 56142 | Elf:2    | Reached * piety under Vehumet
 56142 | Elf:2    | Offered knowledge of Flame Tongue by Vehumet.
 56179 | Elf:2    | Noticed Kidiri's ghost (adept DEFE)
 56191 | Elf:2    | Killed Kidiri's ghost
 56274 | Elf:2    | Identified Idenk's Disquisition on Bewitchment
 56308 | Elf:2    | Noticed Agnes
 56312 | Elf:2    | Killed Agnes
 56365 | Elf:2    | Learned a level 1 spell: Flame Tongue
 56469 | Elf:2    | Found Cefel's Distillery.
 56516 | Elf:2    | Reached skill level 1 in Conjurations
 56516 | Elf:2    | Reached skill level 1 in Fire Magic
 57009 | Elf:2    | Noticed Louise
 57028 | Elf:2    | Killed Louise
 57158 | Elf:3    | Entered Level 3 of the Elven Halls
 57251 | Elf:3    | Reached ** piety under Vehumet
 57268 | Elf:3    | Offered knowledge of Throw Frost by Vehumet.
 57337 | Elf:3    | Reached skill level 5 in Conjurations
 57698 | Elf:3    | Reached skill level 5 in Fire Magic
 58083 | Elf:3    | Cast into level 3 of the Abyss (a deep elf sorcerer)
 58091 | Elf:3    | Escaped the Abyss
 58149 | Elf:3    | Offered knowledge of Conjure Flame by Vehumet.
 58292 | Elf:3    | Reached *** piety under Vehumet
 58788 | Elf:3    | Reached XP level 27. HP: 173/226 MP: 41/41
 58951 | Elf:3    | Cast into level 2 of the Abyss (a deep elf sorcerer)
 59078 | Abyss:2  | Offered knowledge of Sticky Flame by Vehumet.
 59287 | Elf:3    | Escaped the Abyss
 59347 | Elf:3    | Identified a +1 rod of ignition (10/10) (You found it on level 3 of the Elven Halls)
 59562 | Elf:3    | Got an ancient plate armour
 59563 | Elf:3    | Identified the +2 plate armour "Var Fic" {rF- rN+++ MP+9 SInv} (You found it on level 3 of the Elven Halls)
 59967 | Vaults:5 | Got an ichor-stained plate armour
 59968 | Vaults:5 | Identified the +6 plate armour of the Elven Halls {+Inv MR++ Int-2 Slay+2} (You took it off a vault warden on level 5 of the Vaults)
 60257 | Hell     | Entered the Vestibule of Hell
 60262 | Hell     | Noticed Geryon
 60349 | Hell     | Killed Geryon
 60383 | Hell     | Reached **** piety under Vehumet
 60445 | Hell     | Found a gateway to the ashen valley of Gehenna.
 60461 | Hell     | Offered knowledge of Bolt of Draining by Vehumet.
 60558 | Hell     | Found a gateway to the decaying netherworld of Tartarus.
 60588 | Hell     | Was forgiven by Okawaru
 60630 | Hell     | Reached skill level 10 in Conjurations
 60637 | Hell     | Found a gateway to the freezing wastes of Cocytus.
 60732 | Hell     | Reached ***** piety under Vehumet
 60750 | Hell     | Offered knowledge of Throw Icicle by Vehumet.
 60751 | Hell     | Found a gateway to the Iron City of Dis.
 60927 | Depths:4 | Voluntarily entered the Abyss.
 61133 | Abyss:1  | Reached skill level 10 in Fire Magic
 61350 | Abyss:1  | Found a corrupted altar of Lugonu.
 61500 | Abyss:1  | Found a corrupted altar of Lugonu.
 61888 | Abyss:2  | Found a snail-covered altar of Cheibriados.
 61960 | Abyss:3  | Found a corrupted altar of Lugonu.
 62238 | Abyss:3  | Got an abyssal rune of Zot
 62489 | Abyss:3  | Gained mutation: Scrolls take you a little longer to read. [a neqoxec]
 62608 | Abyss:3  | Paralysed by accursed screaming for 1 turns
 62727 | Abyss:4  | Paralysed by you for 5 turns
 62738 | Abyss:4  | Paralysed by you for 3 turns
 62779 | Depths:4 | Escaped the Abyss
 62837 | Zot:1    | Entered Level 1 of the Realm of Zot
 62995 | Zot:1    | Learned a level 5 spell: Fireball
 63220 | Zot:1    | Offered knowledge of Airstrike by Vehumet.
 64848 | Zot:3    | Reached skill level 15 in Conjurations
 65823 | Zot:4    | Reached skill level 15 in Fire Magic
 65830 | Zot:4    | Reached ****** piety under Vehumet
 66051 | Zot:4    | Offered knowledge of Bolt of Fire by Vehumet.
 66635 | Zot:5    | Entered Level 5 of the Realm of Zot
 66796 | Zot:5    | Gained mutation: You tend to lose your temper in combat. [mutagenic glow]
 66829 | Zot:5    | Gained mutation: Your muscles are strong. (Str +2) [mutagenic glow]
 66857 | Zot:5    | Gained mutation: Armour fits poorly on your strangely shaped body. [mutagenic glow]
 67141 | Zot:5    | Noticed an ancient lich
 67155 | Zot:5    | Killed an ancient lich
 67412 | Zot:5    | Noticed an orb of fire
 67439 | Zot:5    | Killed an orb of fire
 67445 | Zot:5    | Noticed an orb of fire
 67450 | Zot:5    | Gained mutation: You are dopey. (Int -2) [an orb of fire]
 67454 | Zot:5    | Gained mutation: Your body sometimes deteriorates upon taking damage. [an orb of fire]
 67464 | Zot:5    | Killed an orb of fire
 67510 | Zot:5    | Noticed an ancient lich
 67529 | Zot:5    | Killed an ancient lich
 67709 | Depths:4 | Voluntarily entered the Abyss.
 67720 | Abyss:1  | Found a corrupted altar of Lugonu.
 67833 | Abyss:1  | Found a blossoming altar of Fedhas.
 68221 | Abyss:1  | Noticed an ancient lich
 68233 | Abyss:1  | Killed an ancient lich
 68251 | Abyss:1  | Offered knowledge of Conjure Ball Lightning by Vehumet.
 68415 | Abyss:3  | Found a corrupted altar of Lugonu.
 68447 | Abyss:4  | Found a corrupted altar of Lugonu.
 68742 | Abyss:5  | Entered Level 5 of the Abyss
 69053 | Abyss:5  | Found a corrupted altar of Lugonu.
 69082 | Abyss:5  | Gained mutation: You are very dopey. (Int -4) [a neqoxec]
 69103 | Abyss:5  | Offered knowledge of Delayed Fireball by Vehumet.
 69177 | Abyss:5  | Learned a level 7 spell: Delayed Fireball
 69361 | Abyss:5  | Paralysed by accursed screaming for 1 turns
 69365 | Abyss:5  | Paralysed by accursed screaming for 1 turns
 69481 | Abyss:5  | Found a corrupted altar of Lugonu.
 69503 | Abyss:5  | Gained mutation: Your spells are a little easier to cast, but a little less powerful. [a cacodemon]
 69619 | Abyss:5  | Found a corrupted altar of Lugonu.
 69881 | Abyss:5  | Found a corrupted altar of Lugonu.
 70128 | Abyss:5  | Paralysed by accursed screaming for 1 turns
 70283 | Abyss:5  | Offered knowledge of Iron Shot by Vehumet.
 70316 | Abyss:5  | Paralysed by accursed screaming for 1 turns
 70352 | Depths:4 | Escaped the Abyss
 70418 | Pan      | Entered Pandemonium
 70520 | Pan      | Gained mutation: You are occasionally teleported next to monsters. [a cacodemon]
 70522 | Pan      | Noticed Onem the pandemonium lord
 70525 | Pan      | Paralysed by a great orb of eyes for 2 turns
 70545 | Pan      | Paralysed by a giant eyeball for 2 turns
 70552 | Pan      | Paralysed by a giant eyeball for 4 turns
 70564 | Pan      | Paralysed by a giant eyeball for 2 turns
 70572 | Pan      | Paralysed by a giant eyeball for 2 turns
 70579 | Pan      | Gained mutation: Your spells are easier to cast, but less powerful. [a shining eye]
 70580 | Pan      | Paralysed by a giant eyeball for 3 turns
 70581 | Pan      | Gained mutation: You are frail (-10% HP). [a shining eye]
 70599 | Pan      | Paralysed by a giant eyeball for 2 turns
 70614 | Pan      | Found an exit through the horrors of the Abyss.
 70731 | Pan      | Paralysed by a giant eyeball for 4 turns
 70861 | Pan      | Got a steaming cloak
 70864 | Pan      | Identified the +0 cloak of the Hidden Ships {+Fly rC- SInv} (You acquired it in Pandemonium)
 70904 | Pan      | Noticed Tott the pandemonium lord
 70925 | Pan      | Killed Tott the pandemonium lord
 71526 | Pan      | Found an exit through the horrors of the Abyss.
 71704 | Depths:3 | Escaped Pandemonium
 71761 | Zig:1    | Entered Level 1 of a ziggurat
 71776 | Zig:2    | Entered Level 2 of a ziggurat
 71776 | Zig:2    | Noticed Zystreom the pandemonium lord
 71792 | Zig:2    | Killed Zystreom the pandemonium lord
 71803 | Zig:2    | Lost mutation: You expend magic power (3 MP) to strengthen your wands. [potion of cure mutation]
 71803 | Zig:2    | Lost mutation: You are occasionally teleported next to monsters. [potion of cure mutation]
 71803 | Zig:2    | Lost mutation: Armour fits poorly on your strangely shaped body. [potion of cure mutation]
 71807 | Zig:3    | Entered Level 3 of a ziggurat
 71827 | Zig:3    | Lost mutation: Your muscles are strong. (Str +2) [potion of cure mutation]
 71827 | Zig:3    | Lost mutation: You are very dopey. (Int -4) [potion of cure mutation]
 71827 | Zig:3    | Lost mutation: You tend to lose your temper in combat. [potion of cure mutation]
 71827 | Zig:3    | Lost mutation: You are frail (-10% HP). [potion of cure mutation]
 71827 | Zig:3    | Lost mutation: Your body sometimes deteriorates upon taking damage. [potion of cure mutation]
 71828 | Zig:3    | Lost mutation: Scrolls take you a little longer to read. [potion of cure mutation]
 71828 | Zig:3    | Lost mutation: You are dopey. (Int -2) [potion of cure mutation]
 71828 | Zig:3    | Lost mutation: Your spells are easier to cast, but less powerful. [potion of cure mutation]
 71828 | Zig:3    | Lost mutation: Your spells are a little easier to cast, but a little less powerful. [potion of cure mutation]
 71834 | Zig:3    | Gained mutation: Your natural rate of healing is unusually fast. [potion of beneficial mutation]
 71835 | Zig:3    | Gained mutation: You possess an exceptional clarity of mind. [potion of beneficial mutation]
 71837 | Zig:4    | Entered Level 4 of a ziggurat
 71879 | Zig:5    | Entered Level 5 of a ziggurat
 71889 | Zig:5    | Offered knowledge of Ozocubu's Refrigeration by Vehumet.
 71921 | Zig:6    | Entered Level 6 of a ziggurat
 71928 | Zig:6    | Noticed a juggernaut
 71949 | Zig:6    | Killed a juggernaut
 72017 | Zig:7    | Entered Level 7 of a ziggurat
 72074 | Zig:8    | Entered Level 8 of a ziggurat
 72083 | Zig:8    | Noticed a juggernaut
 72084 | Zig:8    | Noticed a juggernaut
 72092 | Zig:8    | Killed a juggernaut
 72104 | Zig:8    | Killed a juggernaut
 72183 | Zig:8    | Learned a level 9 spell: Fire Storm
 72190 | Zig:8    | Learned a level 6 spell: Poison Arrow
 72191 | Zig:9    | Entered Level 9 of a ziggurat
 72248 | Zig:9    | Got a warped tin ring
 72249 | Zig:9    | Identified the ring of Qazlal's Anger {rPois Int+3} (You found it on level 9 of a ziggurat)
 72269 | Zig:10   | Entered Level 10 of a ziggurat
 72318 | Zig:10   | Got a slimy amber ring
 72319 | Zig:10   | Identified the cursed ring of Nifud {rN+ EV-2} (You found it on level 10 of a ziggurat)
 72327 | Zig:10   | Identified the Volume of the Volcanoes and Benedictions
 72331 | Zig:10   | Identified a +8 rod of clouds (14/14) (You found it on level 10 of a ziggurat)
 72343 | Zig:10   | Learned a level 6 spell: Iron Shot
 72349 | Zig:11   | Entered Level 11 of a ziggurat
 72384 | Zig:11   | Offered knowledge of Lehudib's Crystal Spear by Vehumet.
 72384 | Zig:11   | Offered knowledge of Glaciate by Vehumet.
 72384 | Zig:11   | Offered knowledge of Shatter by Vehumet.
 72506 | Pan      | Entered Pandemonium
 72859 | Pan      | Noticed Zeegrat the pandemonium lord
 72878 | Pan      | Killed Zeegrat the pandemonium lord
 72939 | Pan      | Found an exit through the horrors of the Abyss.
 73422 | Pan      | Found a runed door.
 73461 | Pan      | Gained mutation: You are dopey. (Int -2) [a cacodemon]
 73837 | Pan      | Found an exit through the horrors of the Abyss.
 74456 | Pan      | Noticed Weoha the pandemonium lord
 74536 | Pan      | Killed Weoha the pandemonium lord
 75729 | Pan      | Found an exit through the horrors of the Abyss.
 75771 | Pan      | Noticed Eheusif the pandemonium lord
 75795 | Pan      | Killed Eheusif the pandemonium lord
 76471 | Pan      | Identified the Grimoire of Lightness and Battle Magic
 76699 | Pan      | Noticed Sokheh the pandemonium lord
 76926 | Pan      | Found an exit through the horrors of the Abyss.
 77176 | Pan      | Noticed Hegecs the pandemonium lord
 77205 | Pan      | Killed Hegecs the pandemonium lord
 77611 | Pan      | Found an exit through the horrors of the Abyss.
 77779 | Pan      | Learned a level 2 spell: Repel Missiles
 77943 | Pan      | Reached skill level 15 in Spellcasting
 78156 | Pan      | Found an exit through the horrors of the Abyss.
 78170 | Pan      | Noticed Mennas
 78180 | Pan      | Killed Mennas
 78229 | Pan      | Gained mutation: You are occasionally teleported next to monsters. [a cacodemon]
 78371 | Pan      | Lost mutation: You are dopey. (Int -2) [potion of cure mutation]
 78371 | Pan      | Lost mutation: You are occasionally teleported next to monsters. [potion of cure mutation]
 78371 | Pan      | Lost mutation: Your natural rate of healing is unusually fast. [potion of cure mutation]
 78371 | Pan      | Lost mutation: You possess an exceptional clarity of mind. [potion of cure mutation]
 78390 | Pan      | Noticed Qefoiteq the pandemonium lord
 78414 | Pan      | Killed Qefoiteq the pandemonium lord
 78851 | Pan      | Entered the realm of Lom Lobon.
 78955 | Pan      | Found an exit through the horrors of the Abyss.
 79953 | Pan      | Noticed Lom Lobon
 80382 | Pan      | Got a magical rune of Zot
 80630 | Pan      | Noticed Cifuv the pandemonium lord
 80637 | Pan      | Killed Cifuv the pandemonium lord
 80887 | Pan      | Noticed Lom Lobon
 80909 | Pan      | Killed Lom Lobon
 80919 | Pan      | Found an exit through the horrors of the Abyss.
 81655 | Pan      | Found an exit through the horrors of the Abyss.
 81882 | Pan      | Found a huge runed gate.
 82542 | Pan      | Noticed Cutz the pandemonium lord
 82548 | Pan      | Killed Cutz the pandemonium lord
 82575 | Pan      | Got a demonic rune of Zot
 82578 | Pan      | Entered the realm of Cerebov.
 82918 | Pan      | Found an exit through the horrors of the Abyss.
 83299 | Pan      | Noticed Cerebov
 84080 | Pan      | Killed from afar by Cerebov

Vault maps used:
D:1:      mrwooster_arrival_arrow, minmay_fountain_box,
          hangedman_abyss_or_decor_lesser_grid, minmay_newt_pond
D:2:      lemuel_crystal_altar, ecumenical_altar_1
D:3:      led_sif_book, old_standard_altar, first_bread, minmay_liquid_box
D:4:      grunt_temple_overflow_gold_and_silver, kennysheep_mini_moat,
          serial_shops, nicolae_shop_trees, st_stairs_14,
          nicolae_tso_swordbearing_angel
D:5:      okawaru_altar_gauntlet_db, minmay_temple_entry_grid, enter_ossuary_2
D:6:      nicolae_overflow_hidden_temple, kennysheep_little_box, uniq_menkaure,
          uniq_grinder
D:7:      grunt_qazlal_clouds, johnstein_pakellas_dig, minmay_stone_trees_medium
D:8:      uniq_pikel, uniq_joseph, uniq_erica
D:9:      hangedman_fish_farm, minmay_unpleasant_kobolds
D:10:     lair_0_dummy, serial_shops, shop, uniq_maud, uniq_gastronok
D:11:     david_orc_5
D:12:     minmay_cut_squares, tgw_fedhas
D:13:     kennysheep_blocky_hall, david_vaults_5, lab_entry_generic, spider_trap
D:14:     kennysheep_blocky_room, serial_shops, nicolae_shop_crystal,
          bh_walls_and_bars
D:15:     grunt_enter_depths_hoard, small_chamber_with_monster,
          nicolae_ashenzari_panopticon
Temple:   nicolae_temple_no_exploring_needed
Lair:2:   beast_lair_carwin_large_2
Lair:3:   lemuel_slime, elwin_shoals_entry_rooms, uniq_nergalle
Lair:4:   spider_nest_entry_funnel_web, lemuel_fruit_fields, grunt_megastairs_5
Lair:5:   mu_elephants_graveyard, serial_bayou_shore_b, uniq_josephine
Lair:6:   slime_altar_2, basic_altar, minmay_lindwurm_lava
Lair:7:   basic_altar, kennysheep_snail_temple, grunt_megastairs_1
Lair:8:   evil_forest, hibernation_bobbens
Shoals:1: serial_shops, shop
Shoals:2: nicolae_shoals_dead_sea_scrolls
Shoals:4: shoals_end_simple, shoals_ilsuiw_ice, serial_shops,
          nicolae_shop_window_shopping, uniq_roxanne
Spider:1: uniq_donald, uniq_frances
Spider:2: spider_trap, uniq_norris, uniq_arachne, uniq_kirke
Spider:4: grunt_spider_rune_circles, hive_lemuel, uniq_aizul
Orc:1:    uniq_erolcha
Orc:2:    grunt_orc_cross, nicolae_orc_lava_tube
Elf:1:    evilmike_minifort, grunt_ministairs_2, dk_noncrumbling_3,
          solitary_fountain
Elf:2:    serial_shops, nicolae_shop_statue_plus,
          hangedman_research_probablistics, uniq_louise, uniq_agnes
Elf:3:    minmay_elf_hall_hex, nicolae_wwwww, elves_outpost_lemuel
Vaults:1: v_rooms_3, v_misc_3, v_misc_4, v_misc_9, v_misc_9,
          vaults_room_door_ring, uniq_wiglaf, uniq_jorgrun
Vaults:2: ontoclasm_vaults_ring_large, v_rooms_2, vaults_standard_mumra_x,
          nicolae_vaults_branching_niches,
          vaults_standard_mumra_enter_the_diamond, hangedman_vaults_snaps,
          hangedman_vaults_restitches, vaults_room_fours,
          ontoclasm_vaults_gateway, v_misc_23, vaults_dpeg_diagonal,
          nicolae_vaults_little_ls, vaults_room_hallway,
          nicolae_vaults_shelves_hall, vaults_room_pools
Vaults:3: v_misc_18, nicolae_vaults_big_ls, ontoclasm_vaults_ring_square,
          nicolae_vaults_good_morning_starshine,
          ontoclasm_vaults_loading_screen, minmay_crypt_entry_nasty_monster,
          grunt_vaults_twisty, v_rooms_6, vaults_dpeg_hooks,
          ontoclasm_vaults_loading_screen, v_misc_12
Vaults:4: v_alt_pattern_6, ontoclasm_vaults_ring_small, grunt_vaults_funnel,
          ontoclasm_vaults_eye, hangedman_vaults_cutoff,
          nicolae_vaults_hallways_thing, vaults_mumra_lcd,
          nicolae_vaults_ring_of_whatevers, vaults_dpeg_spiral,
          vaults_room_pool, st_diamondy, nicolae_vaults_windows_and_doors_thing,
          v_misc_27, v_misc_19
Crypt:1:  gammafunk_crypt_yreds_forest
Crypt:2:  evilmike_wizard_prison, st_stairs_3, uniq_sojobo, uniq_xtahua,
          uniq_frederick
Crypt:3:  cryptofortress_bobbens
Depths:1: hell_entry, kennysheep_generic_room_6, serial_bayou_shore_b
Depths:2: hangedman_cross_veins, grunt_mini_vestibule, minmay_staircase_statues
Depths:3: hangedman_arch_fort, pan_entry, hell_entry, serial_bayou_pond_b,
          kennysheep_small_spiral, feat_on_display,
          infiniplex_staircase_pool_lava
Depths:4: minmay_octagon_city, enter_ziggurat_d, hell_entry,
          abyss_entry_crystal, minmay_staircase_bubble
Depths:5: grunt_zot_entry_gee_three, pf_hell_entry_great_geh, special_room,
          minmay_strange_pillars
Zot:2:    lemuel_draconian_sentries, zot_minivault_5
Zot:4:    zot_minivault_1
Abyss:1:  abyss_exit_lava
Abyss:2:  evilmike_abyss_exit_vortex, due_exit_kobolds
Abyss:3:  hangedman_abyss_or_decor_slice, hangedman_decor_lopped
Abyss:4:  hangedman_abyss_theft, bh_abyss_exit_spiral,
          evilmike_abyss_exit_plants
Abyss:5:  abyss_fake_exit, evilmike_abyss_exit_smiterflies,
          hangedman_decor_points, serial_sigils_hangedman_quiver
Pan:      rand_demon_1, rand_demon_6, pan_blood_fountain,
          pan_blood_fountain_small, nicolae_pan_double_arrow,
          reaverb_pan_figure_eight, nicolae_pan_lom_lobonic_2, rand_demon_9,
          evilmike_mini_pan_T, evilmike_mini_pan_doors_b,
          evilmike_mini_pan_layers, grunt_pan_sceptre, uniq_mennas_pan,
          lom_lobon_spiral_st, pan_blood_fountain_small,
          evilmike_mini_pan_pillars_b, uniq_lom_lobon, nicolae_pan_sigil_uleosi,
          nicolae_pan_giant_door, evilmike_cerebov_lava
Zig:6:    ziggurat_pillar_centre_dead_trees
Lab:      labyrinth_mini_lab, nicolae_lab_statue, lab_block,
          nicolae_lab_grate_2, nicolae_lab_stuck, labyrinth_skeletal_remains,
          nicolae_lab_do_over, nicolae_lab_arrow, labyrinth_fake_exit,
          nicolae_lab_t_cross, nicolae_lab_garden
Ossuary:  ossuary_tomb_1

Skill      XL: |  1  2  3  4  5  6  7  8  9 10 11 12 13 14 15 16 17 18 19 20 21 22 23 24 25 26 27 |
---------------+----------------------------------------------------------------------------------+-----
Fighting       | 3 4 7 9 11 13 14 16 17 18 19 20 | 20.6
Spellcasting   | 1 11 14 17 | 17.0
Axes           | 3 4 7 9 12 13 14 16 19 21 22 23 24 25 26 | 26.4
Armour         | 4 6 9 10 11 12 14 15 16 17 18 19 21 22 24 | 24.3
Invocations    | 5 6 |  6.0
Conjurations   | 7 25 | 25.0
Fire Magic     | 7 23 | 23.7
Throwing       | |  1.0
Stealth        | |  1.7
Shields        | |  1.0
Unarmed Combat | |  1.0
Charms         | |  1.7
Poison Magic   | |  1.0

Action                   |  1- 3 |  4- 6 |  7- 9 | 10-12 | 13-15 | 16-18 | 19-21 | 22-24 | 25-27 || total
-------------------------+-------+-------+-------+-------+-------+-------+-------+-------+-------++-------
Melee: Dagger            |   235 |   260 |       |       |       |       |       |       |       ||   495
       Hand axe          |       |    75 |       |       |       |       |       |       |       ||    75
       War axe           |       |    77 |   566 |   232 |       |       |       |       |       ||   875
       Battleaxe         |       |       |       |   633 |       |       |       |    31 |       ||   664
       Executioner's axe |       |       |       |    31 |  1328 |  1717 |  1290 |  1753 |  6553 || 12672
       Unarmed           |       |       |       |       |       |       |       |       |     5 ||     5
Throw: Javelin           |       |       |     1 |     3 |       |       |       |       |       ||     4
 Cast: Blink             |       |       |       |       |       |       |       |       |    10 ||    10
       Fireball          |       |       |       |       |       |       |       |       |    36 ||    36
       Fire Storm        |       |       |       |       |       |       |       |       |    18 ||    18
       Repel Missiles    |       |       |       |       |       |       |       |       |     2 ||     2
       Iron Shot         |       |       |       |       |       |       |       |       |     1 ||     1
Invok: Heroism           |       |       |     1 |     6 |    18 |    11 |    11 |    12 |     4 ||    63
       Finesse           |       |       |       |     1 |     2 |     1 |     5 |     5 |     1 ||    15
Evoke: Rod               |       |       |     2 |     4 |       |       |       |       |       ||     6
       Wand              |       |       |       |     6 |    17 |       |     3 |    12 |    26 ||    64
       Phantom mirror    |       |       |       |       |       |       |       |       |     2 ||     2
       Horn of Geryon    |       |       |       |       |       |       |       |       |     1 ||     1
  Use: Potion            |       |     3 |    13 |     6 |     7 |     4 |     9 |     2 |    48 ||    92
       Scroll            |       |     5 |     7 |    11 |    13 |    11 |    16 |    15 |    47 ||   125
 Stab: Sleeping          |     4 |       |       |       |       |       |       |       |       ||     4
       Distracted        |       |       |       |       |       |       |     1 |     6 |     4 ||    11
       Held in net/web   |       |       |       |       |       |       |       |     1 |       ||     1
  Eat: Chunk             |     3 |     7 |     8 |    11 |    19 |    21 |    20 |     2 |    27 ||   118
       Bread ration      |       |       |     2 |     4 |     4 |     1 |     2 |     6 |    14 ||    33
       Meat ration       |       |       |       |       |     3 |     3 |       |       |    10 ||    16
       Fruit             |       |       |       |       |     1 |       |     4 |       |       ||     5
       Pizza             |       |       |       |       |       |     1 |       |       |     1 ||     2
       Beef jerky        |       |       |       |       |       |       |     1 |       |       ||     1
       Royal jelly       |       |       |       |       |       |       |       |       |     1 ||     1
